 Dungeon Crawl Stone Soup version 0.31.0-9-g3a7656b989 (webtiles) character file.

Game seed: 3988857266145840816

133 Killerpretzel the Conjurer (level 4, 0/24 HPs)
             Began as a Deep Elf Conjurer on Jan 25, 2024.
             Slain by Ijyb
             ... wielding a +0 dagger
              (5 damage)
             ... on level 3 of the Dungeon.
             The game lasted 00:06:31 (2285 turns).

Killerpretzel the Conjurer (Deep Elf Conjurer)      Turns: 2285, Time: 00:06:32

Health: 0/24       AC:  3    Str:  4    XL:     4   Next: 93%
Magic:  0/13       EV: 12    Int: 25    God:
Gold:   87         SH:  0    Dex: 13    Spells: 10/13 levels left

rFire   . . .        n - +1 hand axe (venom)
rCold   . . .        (no shield)
rNeg    . . .        a - +0 robe
rPois   .            (no helmet)
rElec   .            i - +0 cloak
rCorr   .            (no gloves)
SInv    .            (no boots)
Will    .....        (no amulet)
Stlth   ++           h - ring of flight
HPRegen 0.24/turn    (no ring)
MPRegen 0.13/turn

%: no passive effects
@: flying
A: no striking features
a: no special abilities


You were on level 3 of the Dungeon.
You visited 1 branch of the dungeon, and saw 3 of its levels.

You collected 87 gold pieces.

Inventory:

Hand Weapons
 e - a +0 dagger
 n - a +1 hand axe of venom (weapon)
Armour
 a - a +0 robe (worn)
 i - a +0 cloak (worn)
Jewellery
 h - a ring of flight (left hand)
Scrolls
 f - a scroll of torment {unknown}
 g - a scroll of fear {unknown}
 j - 4 scrolls of identify {unknown}
 k - a scroll of poison {unknown}
 m - a scroll of brand weapon {unknown}
Potions
 b - a potion of magic
 c - 2 potions of heal wounds {unknown}
 d - 4 potions of curing {unknown}
 l - a potion of mutation {unknown}


   Skills:
 - Level 2.4 Dodging
 - Level 2.4 Stealth
 * Level 5.3 Spellcasting
 * Level 5.8 Conjurations


You had 10 spell levels left.
You knew the following spells:

 Your Spells              Type           Power      Damage    Failure   Level
a - Magic Dart            Conj           100%       1d8       1%          1
b - Searing Ray           Conj           70%        2d7       1%          2

Your spell library contained the following spells:

 Spells                   Type           Power      Damage    Failure   Level
 Gell's Gravitas          Tloc           6%         N/A       24%         3
 Ozocubu's Armour         Ice            6%         N/A       24%         3
 Teleport Other           Tloc           6%         N/A       24%         3
 Fulminant Prism          Conj/Alch      10%        3d8       24%         4
 Iskenderun's Mystic Bla  Conj/Tloc      21%        2d6       24%         4
 Metabolic Englaciation   Hex/Ice        3%         N/A       91%         5
 Dispersal                Tloc           3%         N/A       100%        6
 Sculpt Simulacrum        Ice/Alch       3%         N/A       100%        6
 Haunt                    Necr/Summ      3%         N/A       100%        7
 Borgnjor's Revivificati  Necr           3%         N/A       100%        8
 Death's Door             Necr           3%         N/A       100%        9


Dungeon Overview and Level Annotations

Branches:
Dungeon (3/15)

Altars:

Shops:
D:1 ?

Annotations:
D:3 Ijyb


Message History

The magic dart hits Ijyb but does no damage.
Ijyb is lightly wounded.
There are monsters nearby!
Casting: Magic Dart (safe; 1% risk of failure)
Confirm with . or Enter, or press ? or * to list all spells.
Aiming: Searing Ray (safe; 1% risk of failure)
Press: ? - help, Shift-Dir - straight line, f/p - Ijyb
Aim: Ijyb, wielding a +0 dagger, wearing a +1 chain mail of fire resistance and carrying a wand of iceblast (lightly wounded, 81% to hit)
The searing ray hits Ijyb but does no damage.
Ijyb is lightly wounded. (Press . to maintain the ray.)
There are monsters nearby!
The searing ray hits Ijyb but does no damage.
Ijyb is lightly wounded.
The searing ray hits the goblin.
You kill the goblin!
The searing ray hits Ijyb.
Ijyb is heavily wounded.
The searing ray hits Ijyb but does no damage.
Ijyb is heavily wounded.
You finish channelling your searing ray.
Ijyb barely misses you.
Casting: Searing Ray (safe; 1% risk of failure)
Confirm with . or Enter, or press ? or * to list all spells.
Aiming: Searing Ray (safe; 1% risk of failure)
Press: ? - help, Shift-Dir - straight line, f/p - Ijyb
Aim: Ijyb, wielding a +0 dagger, wearing a +1 chain mail of fire resistance and carrying a wand of iceblast (heavily wounded, 81% to hit)
The searing ray misses Ijyb. (Press . to maintain the ray.) Ijyb hits you with a +0 dagger.
* * * LOW HITPOINT WARNING * * *
Ijyb is nearby!
The searing ray hits Ijyb.
Ijyb is severely wounded.
Ijyb hits you with a +0 dagger.
* * * LOW HITPOINT WARNING * * *
The searing ray hits Ijyb but does no damage.
Ijyb is severely wounded.
Ijyb hits you with a +0 dagger.
You die...

#...................#
#.#################.#
#.# #.# #.#
#########.#
###.#######
#.........#
####.........#
#.#########
#...........># #.#
###...######.# #.#
#...# #@# #...# #g#
#...###### #.#
#........# #.#
#...####.# #)# #...#
#.# #...# #.# #...#
..# ###...####. .###


You could see Ijyb.

Vanquished Creatures
  4 gnolls (D:2)
  4 adders
  3 dart slugs
  A ribbon worm (D:2)
  7 endoplasms
  3 giant cockroaches
  7 goblins
  6 hobgoblins
  A ball python (D:1)
  3 bats
  2 frilled lizards (D:2)
  4 kobolds
  6 rats
51 creatures vanquished.

Notes
Turn   | Place    | Note
-------+----------+-------------------------------------------
     0 | D:1      | Killerpretzel the Deep Elf Conjurer began the quest for the
                  | Orb.
     0 | D:1      | Reached XP level 1. HP: 10/10 MP: 6/6
   102 | D:1      | Found Feczap's Magic Scroll Boutique.
   296 | D:1      | Reached XP level 2. HP: 15/15 MP: 3/8
   681 | D:1      | Learned a level 2 spell: Searing Ray
  1083 | D:2      | Reached skill level 5 in Conjurations
  1083 | D:2      | Reached XP level 3. HP: 19/19 MP: 5/10
  1524 | D:2      | Reached XP level 4. HP: 19/24 MP: 7/12
  1572 | D:2      | Reached skill level 5 in Spellcasting
  2267 | D:3      | Noticed Ijyb
  2285 | D:3      | Slain by Ijyb

Illustrated notes

Levels and vault maps discovered:
D:1:      sevenhm_arrival_forest_fort_large_2, layout_loops_ring, serial_shops,
          nicolae_shop_rolling_square
D:2:      layout_loops_ring
D:3:      layout_basic, amcnicky_altar_gilded, uniq_ijyb,
          uniq_crazy_yiuf_cottage

Skill      XL: |  1  2  3  4 |
---------------+-------------+-----
Spellcasting   | 4 5 |  5.3
Conjurations   | 5 |  5.8
Dodging        | |  2.4
Stealth        | |  2.4

Action                     |  1- 3 |  4- 6 || total
---------------------------+-------+-------++-------
  Melee: Dagger            |     9 |       ||     9
   Cast: Magic Dart        |    63 |    30 ||    93
         Searing Ray       |     4 |     4 ||     8
 Armour: Robe              |     7 |     4 ||    11
  Dodge: Dodged            |    16 |     2 ||    18
